 Dungeon Crawl Stone Soup version 0.31-a0-233-g139696dc86 (webtiles) character file.

Game seed: 11086128979304867132

2650 Midn8 the Destroyer (level 9, -1/61 HPs)
             Began as an Octopode Conjurer on July 9, 2023.
             Was a Follower of Fedhas.
             Slain by a hornet (13 damage)
             ... on level 6 of the Dungeon.
             The game lasted 00:21:24 (8620 turns).

Midn8 the Destroyer (Octopode Conjurer)             Turns: 8620, Time: 00:21:24

Health: -1/61      AC:  1    Str: 13    XL:     9   Next: 62%
Magic:  5/15       EV: 14    Int: 24    God:    Fedhas [*.....]
Gold:   373        SH:  0    Dex: 10    Spells: 9/16 levels left

rFire   . . .        d - +0 spear (venom)
rCold   . . .        (no shield)
rNeg    . . .        (helmet restricted)
rPois   .            j - amulet of the acrobat
rElec   .            c - +6 ring of strength
rCorr   .            w - ring of willpower
SInv    .            (no ring)
Will    +....        (no ring)
Stlth   +++          (no ring)
HPRegen 0.30/turn    (no ring)
MPRegen 0.14/turn    (no ring)
                     (no ring)

%: acrobat
@: slowed, very slow
A: almost no armour, amphibious, 8 rings, camouflage 1, gelatinous body 1,
(nimble swimmer 1), tentacles
a: Renounce Religion


You were on level 6 of the Dungeon.
You worshipped Fedhas.
Fedhas was aware of your devotion.
You visited 2 branches of the dungeon, and saw 8 of its levels.
You also visited: Sewer.

You collected 373 gold pieces.

Inventory:

Hand Weapons
 d - a +0 spear of venom (weapon)
Missiles
 g - 3 curare-tipped darts
 l - 5 poisoned darts
Jewellery
 b - a ring of ice
 c - a +6 ring of strength (left tentacle)
 j - an amulet of the acrobat (around mantle)
 u - a ring of ice
 w - a ring of willpower (right tentacle)
Wands
 h - a wand of paralysis (4)
 p - a wand of polymorph (8)
 x - a wand of acid (3)
 y - a wand of flame (9)
Scrolls
 f - 3 scrolls of enchant armour
 k - 2 scrolls of revelation
 n - a scroll of brand weapon
 v - a scroll of fear {unknown}
 z - a scroll of silence {unknown}
Potions
 a - 2 potions of magic
 e - 3 potions of enlightenment
 i - 3 potions of curing
 m - 2 potions of heal wounds
 o - a potion of brilliance {unknown}
 q - a potion of might {unknown}
 r - 2 potions of lignification {unknown}
 s - a potion of degeneration {unknown}
 t - a potion of attraction {unknown}


   Skills:
 - Level 5.0 Fighting
 - Level 5.0 Dodging
 - Level 2.6 Stealth
 - Level 4.0 Spellcasting
 - Level 8.0 Conjurations
 - Level 6.0 Hexes
 + Level 4.2 Invocations


You had 9 spell levels left.
You knew the following spells:

 Your Spells              Type           Power      Damage    Failure   Level
a - Magic Dart            Conj           100%       1d8       1%          1
f - Fulminant Prism       Conj/Hex       19%        3d10      5%          4
s - Searing Ray           Conj           86%        2d7       1%          2

Your spell library contained the following spells:

 Spells                   Type           Power      Damage    Failure   Level
 Dazzling Flash           Conj/Hex       76%        N/A       1%          3
 Hailstorm                Conj/Ice       24%        3d7       5%          3
 Apportation              Tloc           8%         N/A       10%         1
 Freeze                   Ice            16%        1d4       10%         1
 Necrotise                Necr           16%        1d4       10%         1
 Summon Small Mammal      Summ           16%        N/A       10%         1
 Iskenderun's Mystic Bla  Conj/Tloc      24%        2d7       19%         4
 Frozen Ramparts          Ice            8%         1d2       28%         3
 Ozocubu's Armour         Ice            4%         N/A       28%         3
 Ozocubu's Refrigeration  Ice            2%         4d7       100%        7


Dungeon Overview and Level Annotations

Branches:
Dungeon (7/15)             Temple (1/1) D:5           Sewer (visited)

Altars:
Ashenzari
Dithmenos
Elyvilon
Fedhas
Gozag
Hepliaklqana
Kikubaaqudgha
Makhleb
Okawaru
Qazlal
Trog
Uskayaw
Wu Jian
Xom
Yredelemnul
Zin
The Shining One

Annotations:
D:3 exclusions: goblin, orc, orc priest and 5 more exclusions


Innate Abilities, Weirdness & Mutations

You cannot wear most types of armour.
You are amphibious.
You can wear up to eight rings at the same time.
Your skin changes colour to match your surroundings (Stealth+).
Your rubbery body absorbs attacks. (AC +1, EV +1)
((You are camouflaged when in or above water. (Stealth+)))
You have tentacles for arms and can constrict up to eight enemies at once.


Message History

You feel yourself speed up. The hornet stings you.
You feel yourself slow down. The orc barely misses you. The hornet stings you.
You feel as though you will be slow longer.
The orc misses you.
Aiming: Paralyse
Press: ? - help, Shift-Dir - straight line, f/p - hornet
Aim: a hornet (moderately wounded, chance to affect: 39%)
The hornet resists with some effort.
The hornet closely misses you. The hornet stings you!
You feel as though you will be slow longer.
The orc misses you.
Aiming: Paralyse
Press: ? - help, Shift-Dir - straight line, f/p - hornet
Aim: a hornet (moderately wounded, chance to affect: 39%)
The hornet resists with some effort.
The hornet stings you!
You feel as though you will be slow longer.
The orc misses you. The hornet barely misses you.
The orc hits you with a +0 mace. The hornet stings you!
* * * LOW HITPOINT WARNING * * *
You are poisoned.
You feel as though you will be slow longer.
You feel better. The hornet misses you. The orc closely misses you.
The hornet closely misses you.
Unknown command.
Aiming: Paralyse
Press: ? - help, Shift-Dir - straight line, f/p - hornet
Aim: a hornet (moderately wounded, chance to affect: 39%)
The hornet resists with some effort.
The hornet barely misses you. The orc hits you but does no damage.
The hornet misses you. The orc misses you.
Unknown command.
Aiming: Paralyse
Press: ? - help, Shift-Dir - straight line, f/p - hornet
Aim: a hornet (moderately wounded, chance to affect: 39%)
The hornet resists with some effort.
The hornet stings you!
* * * LOW HITPOINT WARNING * * *
You feel as though you will be slow longer.
The hornet stings you!
You die...
Fedhas appreciates your contribution to the ecosystem.

#?.# #.# #
##########..# #.# #
#...........# #.# #
#.#######...# #<######
#.#.#.#.#.#.# #.......
#...........##########
#.#.#.#.#.#..#### #
#....yo.........# #
#.#.#@#.#.#..##.# #
#..........####.# #
###.#.#.#.## #.# #
#.........# #)# #
##.#.#.#.## #.######
########.# #......#
#.# ######..
#.###########
#...........#


You could see a hornet and an orc.

Vanquished Creatures
  Pikel (D:6)
  Grinder (D:6)
  A water moccasin (D:5)
  Pargi (Sewer)
  An ice beast (D:6)
  A black bear (D:6)
  A sky beast (D:6)
  4 lemures (D:6)
  4 bullfrogs
  5 scorpions
  3 wights (D:7)
  5 hounds
  3 gnoll boudas
  3 jellies
  7 iguanas
  Ijyb (D:5)
  2 orc wizards
  6 gnolls
  5 adders
  A shadow imp (D:6)
  2 ufetubi (D:6)
  5 worms
  2 dart slugs
  10 orcs
  12 ball pythons
  7 endoplasms
  5 giant cockroaches
  7 goblins
  8 hobgoblins
  3 jackals (D:1)
  18 kobolds
  6 quokkas
  4 bats
  10 frilled lizards
  8 rats
163 creatures vanquished.

Vanquished Creatures (collateral kills)
  2 adders (D:3)
  A goblin (D:3)
3 creatures vanquished.

Vanquished Creatures (others)
  A wizard (D:4)
  7 fulminant prisms
8 creatures vanquished.

Grand Total: 174 creatures vanquished

Notes
Turn   | Place    | Note
-------+----------+-------------------------------------------
     0 | D:1      | Midn8 the Octopode Conjurer began the quest for the Orb.
     0 | D:1      | Reached XP level 1. HP: 11/11 MP: 3/3
   143 | D:1      | Reached XP level 2. HP: 17/17 MP: 2/5
   177 | D:1      | Learned a level 2 spell: Searing Ray
   482 | D:1      | Reached XP level 3. HP: 21/21 MP: 0/7
  1544 | D:2      | Reached XP level 4. HP: 27/27 MP: 6/9
  1989 | D:3      | Reached skill level 1 in Fighting
  2106 | D:3      | Reached XP level 5. HP: 35/35 MP: 3/11
  3836 | D:4      | Identified the +2 ring mail of Marbles {rPois rC- rCorr
                  | Int+4}
  3907 | D:4      | Reached XP level 6. HP: 42/42 MP: 7/12
  3950 | D:4      | Reached skill level 5 in Conjurations
  4060 | D:4      | Identified the +6 sling "Bojosipp" {heavy, *Slow Fly rN++
                  | rCorr}
  4293 | D:4      | Found a bloodstained altar of Trog.
  4296 | D:4      | Noticed a wizard
  4302 | D:4      | Killed a wizard
  4573 | D:4      | Found an ornate altar of the Wu Jian Council.
  4779 | D:5      | Entered Level 5 of the Dungeon
  4783 | D:5      | Reached skill level 6 in Conjurations
  4869 | D:5      | Reached XP level 7. HP: 41/46 MP: 1/13
  4944 | D:5      | Noticed Ijyb
  4946 | D:5      | Found a white marble altar of Elyvilon.
  5050 | D:5      | Found an iron altar of Okawaru.
  5131 | D:5      | Found a glowing drain.
  5217 | Sewer    | Entered a sewer
  5228 | Sewer    | Noticed Pargi
  5256 | Sewer    | Killed Pargi
  5257 | Sewer    | Reached skill level 5 in Dodging
  5524 | D:5      | Found a hide-covered altar of Uskayaw.
  5724 | D:5      | Killed Ijyb
  5850 | D:5      | Found a glowing golden altar of the Shining One.
  5894 | D:5      | Reached XP level 8. HP: 54/54 MP: 8/14
  6227 | D:5      | Reached skill level 5 in Fighting
  6355 | D:5      | Found a staircase to the Ecumenical Temple.
  6361 | Temple   | Entered the Ecumenical Temple
  6567 | Temple   | Became a worshipper of Fedhas Madash
  6837 | D:6      | Noticed Grinder
  6847 | D:6      | Killed Grinder
  6848 | D:6      | Reached skill level 7 in Conjurations
  7054 | D:6      | Noticed Pikel
  7068 | D:6      | Killed Pikel
  7069 | D:6      | Reached skill level 8 in Conjurations
  7069 | D:6      | Reached XP level 9. HP: 51/61 MP: 6/15
  7138 | D:6      | Learned a level 4 spell: Fulminant Prism
  7596 | D:6      | Reached skill level 5 in Hexes
  8016 | D:6      | Reached skill level 1 in Invocations
  8568 | D:7      | Noticed a hornet
  8607 | D:7      | Reached * piety under Fedhas
  8620 | D:6      | Slain by a hornet

Illustrated notes

Levels and vault maps discovered:
D:1:      dpeg_arrival_shelter, layout_rooms
D:2:      layout_rooms, nicolae_wormholes
D:3:      corexii_shack_village, layout_loops_ring
D:4:      layout_loops_corners, trog_wizard,
          nicolae_wu_jian_immortal_techniques, minmay_misc_feat_columns
D:5:      layout_cave_pools, elyvilon_altar_5,
          nicolae_uskayaw_murder_on_the_dancefloor, tso_metal_star,
          lemuel_crystal_altar, minmay_temple_entry_grid,
          cheibrodos_sewer_entry_bend, uniq_ijyb
D:6:      layout_loops_ring, minivault_5, st_stairs_9,
          chequers_serial_rivers_room_b, kennysheep_small_circle, uniq_grinder,
          uniq_pikel
D:7:      minmay_recursive_quarters, layout_cave_pools,
          nicolae_ru_sacrificial_ziggurat, serial_shops, shop, uniq_menkaure
Temple:   bh_familiar_temple

Skill      XL: |  1  2  3  4  5  6  7  8  9 |
---------------+----------------------------+-----
Spellcasting   | 3 4 |  4.0
Fighting       | 2 3 4 5 |  5.0
Conjurations   | 6 8 |  8.0
Dodging        | 3 5 |  5.0
Hexes          | 3 6 |  6.0
Invocations    | 4 |  4.2
Stealth        | |  2.6

Action                     |  1- 3 |  4- 6 |  7- 9 || total
---------------------------+-------+-------+-------++-------
  Melee: Unarmed           |     9 |       |       ||     9
         Spear             |    14 |     7 |    24 ||    45
         Tentacles         |     4 |     1 |     2 ||     7
         Constrict         |     4 |     2 |     5 ||    11
   Cast: Magic Dart        |    76 |    86 |    88 ||   250
         Searing Ray       |     4 |    21 |    40 ||    65
         Fulminant Prism   |       |       |     7 ||     7
  Evoke: Wand              |       |       |     6 ||     6
    Use: Scroll            |     4 |     7 |     1 ||    12
         Potion            |       |       |     1 ||     1
   Stab: Sleeping          |       |     1 |     3 ||     4
 Armour: Skin              |     3 |     1 |     8 ||    12
  Dodge: Dodged            |    13 |    22 |    54 ||    89

Table legend: (Time is in decaauts)
 A = Elapsed time spent in this place.
 B = Non-inter-level travel time spent in this place.
 C = Inter-level travel time spent in this place.
 D = Time resting spent in this place.
 E = Time spent auto-exploring this place.
 F = Levels seen in this place.
 G = Mean time per level.
                   A        B        C        D        E       F      G
               +--------+--------+--------+--------+--------+-----+--------+
         Total |   8627 |   8288 |    339 |   3610 |   3409 |   9 |  958.6 |
       Dungeon |   8134 |   7846 |    288 |   3514 |   3159 |   7 | 1162.0 |
        Temple |    228 |    177 |     51 |      0 |    171 |   1 |  228.0 |
         Sewer |    264 |    264 |      0 |     96 |     79 |   1 |  264.0 |
               +--------+--------+--------+--------+--------+-----+--------+

Top non-repeatable levels by time:
     D:6: 1822 daAuts
     D:4: 1519 daAuts
     D:3: 1380 daAuts
     D:5: 1356 daAuts
     D:2: 1019 daAuts
     D:1: 946 daAuts
   Sewer: 264 daAuts
  Temple: 228 daAuts
     D:7: 90 daAuts
